 Dungeon Crawl Stone Soup version 0.20.0-15-g7f486f2 (webtiles) character file.

1143 greprep the Magician (level 8, -5/43 HPs)
             Began as a Deep Elf Fire Elementalist on June 22, 2017.
             Slain by an ogre
             ... wielding a +0 giant spiked club
              (35 damage)
             ... on level 4 of the Dungeon.
             The game lasted 00:16:51 (8480 turns).

greprep the Magician (Deep Elf Fire Elementalist)   Turns: 8480, Time: 00:16:52

Health: -5/43      AC:  3    Str:  5    XL:     8   Next: 15%
Magic:  21/21      EV: 14    Int: 23    God:
Gold:   214        SH:  0    Dex: 15    Spells: 16/22 levels left

rFire    . . .     SeeInvis .   v - +3 dagger
rCold    . . .     Gourm    .   (no shield)
rNeg     . . .     Faith    .   a - +0 robe
rPois    .         Spirit   .   (no helmet)
rElec    .         Reflect  .   (no cloak)
rCorr    .         Harm     .   d - +0 pair of gloves
MR       .....                  (no boots)
Stlth    +++.......             (no amulet)
Regen    0.2/turn               (no ring)
MPRegen  0.2/turn               (no ring)

@: no status effects
A: no striking features
a: no special abilities


You were on level 4 of the Dungeon.
You were not hungry.

You visited 1 branch of the dungeon, and saw 4 of its levels.
You also visited: Sewer.

You collected 214 gold pieces.

Inventory:

Hand Weapons
 k - a +1 antimagic short sword
 v - a +3 dagger (weapon)
Armour
 a - a +0 robe (worn)
 d - a +0 pair of gloves (worn)
Scrolls
 e - 2 scrolls of fear
 g - 3 scrolls of remove curse
 i - a scroll of recharging {unknown}
 j - a scroll of noise {unknown}
 n - 2 scrolls of teleportation
 r - a scroll of blinking {unknown}
 t - a scroll of fog
 u - a scroll of amnesia {unknown}
 x - a scroll of random uselessness {unknown}
Potions
 f - a potion of invisibility {unknown}
 h - 5 potions of curing
 l - 2 potions of magic {unknown}
 m - a potion of ambrosia {unknown}
 o - 3 potions of flight {unknown}
 q - a potion of degeneration {unknown}
 s - 3 potions of brilliance {unknown}
 w - a potion of heal wounds {unknown}
Books
 b - a book of Flames

   Spells                             Type                      Level
   a - Flame Tongue                   Conjuration/Fire             1
   b - Throw Flame                    Conjuration/Fire             2
   c - Conjure Flame                  Conjuration/Fire             3
   d - Inner Flame                    Hexes/Fire                   3
   e - Sticky Flame                   Conjuration/Fire             4
   f - Fireball                       Conjuration/Fire             5
Comestibles
 c - 2 bread rations
 p - a royal jelly


   Skills:
 + Level 1.0 Fighting
 + Level 2.4 Short Blades
 + Level 3.8 Dodging
 + Level 4.2 Stealth
 + Level 7.8 Spellcasting
 + Level 4.6 Conjurations
 + Level 5.9 Fire Magic


You had 16 spell levels left.
You knew the following spells:

 Your Spells              Type           Power        Failure   Level  Hunger
a - Flame Tongue          Conj/Fire      ####.        1%          1    None
b - Inner Flame           Hex/Fire       ###.....     6%          3    None
c - Throw Flame           Conj/Fire      ####..       1%          2    None


Dungeon Overview and Level Annotations

Branches:
Dungeon (4/15)             Temple (0/1) D:4

Altars:
Makhleb
Nemelex Xobeh
Okawaru
Ru
Trog
Zin


Message History

Press: ? - help, Shift-Dir - straight line, f/p - scorpion
Aim: a scorpion (heavily wounded)
The flame tongue hits the scorpion.
You kill the scorpion!
Casting: Flame Tongue
Confirm with . or Enter, or press ? or * to list all spells.
You can't see any susceptible monsters within range! (Use Z to cast anyway.)
You start resting.
HP restored.
You start resting.
Magic restored.
Found a staircase to the Ecumenical Temple.
An ogre comes into view. It is wielding a giant spiked club.
The ogre shouts!
The ogre hits you with a giant spiked club!
You hit the ogre.
The ogre is lightly wounded.
The ogre hits you with a giant spiked club!!
Ouch! That really hurt!
You die...

#........@## ##.....##...
#.........######## #####...###
#.........##P.P..###.......##.
#..............P.##...........
#.........##.P>PP...........#.
#.........##...P............#.
#.........##................##
##.####..........## #@#
#..........#.
#O#####...........
#...............##
#.##..###.......# #.#...
##......# #.... ##.....# #...#
#.....# #... #....## #...##


You could see an ogre.

Vanquished Creatures
  Sigmund (D:4)
  2 eyes of draining (D:3)
  An ogre (D:4)
  A big kobold (Sewer)
  A scorpion (D:4)
  A hound (D:4)
  2 orc priests
  Jessica (D:2)
  Natasha (thrice) (D:2)
  3 orc wizards
  Robin (D:3)
  12 adders
  A gnoll (D:1)
  A howler monkey skeleton (D:4)
  3 river rats
  An ooze (Sewer)
  4 worms
  6 dart slugs
  4 leopard geckos (D:3)
  21 orcs
  3 ball pythons
  4 giant cockroaches
  16 goblins
  10 hobgoblins
  3 jackals (D:2)
  A quokka (D:3)
  10 bats
  6 frilled lizards
  13 kobolds
  A leopard gecko skeleton (D:4)
  8 rats
145 creatures vanquished.

Notes
Turn   | Place    | Note
-------+----------+-------------------------------------------
     0 | D:1      | greprep the Deep Elf Fire Elementalist began the quest for the Orb.
     0 | D:1      | Reached XP level 1. HP: 10/10 MP: 6/6
   484 | D:1      | Reached XP level 2. HP: 15/15 MP: 4/8
  1607 | D:1      | Reached skill level 4 in Spellcasting
  1650 | D:1      | Reached XP level 3. HP: 19/19 MP: 7/10
  2268 | D:2      | Found an iron altar of Okawaru.
  2320 | D:2      | Found a burning altar of Makhleb.
  2320 | D:2      | Noticed a green death
  2323 | D:2      | Noticed a ynoxinul
  2323 | D:2      | Noticed an orange demon
  2367 | D:2      | Noticed Natasha
  2373 | D:2      | Killed Natasha
  2373 | D:2      | Reached XP level 4. HP: 20/24 MP: 5/12
  2431 | D:2      | Noticed Jessica
  2437 | D:2      | Killed Jessica
  2620 | D:2      | Noticed Natasha
  2625 | D:2      | Killed Natasha
  2625 | D:2      | Reached skill level 5 in Spellcasting
  2676 | D:2      | Noticed Natasha
  2682 | D:2      | Killed Natasha
  2682 | D:2      | Reached XP level 5. HP: 28/28 MP: 10/14
  3183 | D:2      | You fall through a shaft!
  3383 | D:3      | Found a glowing drain.
  3416 | Sewer    | Entered a sewer
  3780 | Sewer    | Reached XP level 6. HP: 27/32 MP: 10/16
  4836 | D:3      | Noticed Robin
  4842 | D:3      | Killed Robin
  4851 | D:3      | Reached skill level 6 in Spellcasting
  4863 | D:3      | Found a bloodstained altar of Trog.
  4882 | D:3      | Found a glowing silver altar of Zin.
  6012 | D:3      | Reached skill level 5 in Fire Magic
  6442 | D:3      | Reached skill level 1 in Short Blades
  6442 | D:3      | Reached XP level 7. HP: 36/36 MP: 0/18
  7011 | D:3      | Learned a level 3 spell: Inner Flame
  7014 | D:3      | Learned a level 2 spell: Throw Flame
  7053 | D:4      | Noticed Sigmund
  7501 | D:4      | Found a sacrificial altar of Ru.
  7501 | D:4      | Found a sparkling altar of Nemelex Xobeh.
  7864 | D:4      | Reached skill level 7 in Spellcasting
  7894 | D:4      | Killed Sigmund
  7894 | D:4      | Reached XP level 8. HP: 34/42 MP: 7/21
  8149 | D:4      | Reached skill level 1 in Fighting
  8470 | D:4      | Found a staircase to the Ecumenical Temple.
  8480 | D:4      | Slain by an ogre

Skill      XL: |  1  2  3  4  5  6  7  8 |
---------------+-------------------------+-----
Spellcasting   | 4 5 6 7 |  7.8
Fire Magic     | 4 5 |  5.9
Conjurations   | 2 3 4 |  4.6
Stealth        | 3 4 |  4.2
Dodging        | 3 |  3.8
Short Blades   | 1 2 |  2.4
Fighting       | 1 |  1.0

Action                   |  1- 3 |  4- 6 |  7- 9 || total
-------------------------+-------+-------+-------++-------
Melee: Dagger            |     2 |    54 |    33 ||    89
 Cast: Flame Tongue      |    71 |   142 |    54 ||   267
       Throw Flame       |       |       |    14 ||    14
       Inner Flame       |       |       |     2 ||     2
  Use: Scroll            |       |     6 |       ||     6
 Stab: Sleeping          |       |     3 |     1 ||     4
  Eat: Chunk             |     1 |    10 |     4 ||    15
       Meat ration       |     1 |       |       ||     1
       Bread ration      |       |       |     1 ||     1
Armor: Robe              |     8 |     8 |     6 ||    22
Dodge: Dodged            |    21 |    71 |    27 ||   119
